 Dungeon Crawl Stone Soup version 0.27.1-3-gb3d3a73c9e (webtiles) character file.

Game seed: 1261273146564420082

6 Mesmaeker13 the Caller (level 1, 0/13 HPs)
             Began as a Barachi Summoner on Oct 5, 2021.
             Slain by a giant cockroach (1 damage)
             ... on level 1 of the Dungeon.
             The game lasted 00:00:59 (573 turns).

Mesmaeker13 the Caller (Barachi Summoner)            Turns: 573, Time: 00:00:59

Health: 0/13       AC:  2    Str:  9    XL:     1   Next: 90%
Magic:  2/3        EV: 12    Int: 15    God:
Gold:   21         SH:  0    Dex: 12    Spells: 3/4 levels left

rFire    . . .     SeeInvis .   b - +0 short sword
rCold    . . .     Faith    .   (no shield)
rNeg     . . .     Spirit   .   a - +0 robe
rPois    .         Reflect  .   (no helmet)
rElec    .         Harm     .   (no cloak)
rCorr    .         Rampage  .   (no gloves)
Will     .....                  (no boots)
Stlth    ++........             (no amulet)
HPRegen  0.04/turn              (no ring)
MPRegen  0.08/turn              (no ring)

@: slow
A: amphibious, slowness 1, strong legs 1, +LOS
a: Hop


You were on level 1 of the Dungeon.
You visited 1 branch of the dungeon, and saw 1 of its levels.

You collected 21 gold pieces.

Inventory:

Hand Weapons
 b - a +0 short sword (weapon)
Armour
 a - a +0 robe (worn)


   Skills:
 + Level 2.4 Dodging
 - Level 1.7 Stealth
 + Level 2.4 Spellcasting
 + Level 5.0 Summonings


You had 3 spell levels left.
You knew the following spells:

 Your Spells              Type           Power      Damage    Failure   Level
a - Summon Small Mammal   Summ           64%        N/A       2%          1

Your spell library contained the following spells:

 Spells                   Type           Power      Damage    Failure   Level
 Call Imp                 Summ           16%        N/A       4%          2
 Call Canine Familiar     Summ           16%        N/A       9%          3
 Summon Guardian Golem    Hex/Summ       9%         N/A       22%         3
 Summon Lightning Spire   Summ/Air       9%         N/A       58%         4


Dungeon Overview and Level Annotations

Branches:
Dungeon (1/15)

Altars:


Innate Abilities, Weirdness & Mutations

You are amphibious.
You cover ground slowly.
You can hop short distances.
You have an extended range of vision and can be seen from far away.


Message History

The hobgoblin closely misses you. The hobgoblin misses your bat.
Your bat hits the hobgoblin.
Your rat bites the hobgoblin but does no damage.
The hobgoblin hits your rat. The hobgoblin hits your bat.
Your bat closely misses the hobgoblin.
The giant cockroach bites you.
* * * LOW HITPOINT WARNING * * *
Your rat bites the hobgoblin but does no damage.
Your rat bites the hobgoblin.
Your bat hits the hobgoblin but does no damage.
Your bat misses the hobgoblin. The hobgoblin closely misses your rat.
The giant cockroach bites you but does no damage.
Your rat bites the hobgoblin. x2; The hobgoblin hits your rat.
Your rat dies!
Your rat's corpse disappears in a puff of smoke!
Your bat hits the hobgoblin.
The hobgoblin dies!
Your rat bites the hobgoblin.
The hobgoblin dies!
The giant cockroach closely misses you.
Your Summonings skill increases to level 5!
Your bat closely misses the giant cockroach.
The giant cockroach barely misses you.
Your bat barely misses the giant cockroach.
Your bat hits the giant cockroach.
Your bat hits the giant cockroach but does no damage.
The giant cockroach bites you but does no damage.
Your bat barely misses the giant cockroach.
The giant cockroach bites you but does no damage.
Your bat closely misses the giant cockroach.
The giant cockroach bites you.
* * * LOW HITPOINT WARNING * * *
Your bat hits the giant cockroach but does no damage.
Your bat disappears in a puff of smoke!
The giant cockroach bites you but does no damage.
The giant cockroach misses you.
Your rat closely misses the giant cockroach.
The giant cockroach barely misses you.
Your rat bites the giant cockroach but does no damage.
The giant cockroach bites you.
You die...

♣♣♣.♣♣
♣♣...♣♣♣.♣♣.....#....#+
♣♣.♣♣♣.♣♣♣♣...♣♣.....#......
♣♣♣♣♣...♣♣ ♣.♣♣♣....###......
♣♣♣♣....♣♣♣♣ ♣.♣.....##
#...... ....♣♣♣♣♣ ♣♣.♣....#
#...... ♣P♣♣♣
♣♣♣♣...##.####...... ♣♣♣
♣♣♣....##......#......
♣♣♣....####.....(#......
♣♣♣.....B@..+......'......
♣♣♣♣......r.####......#......
...........## #......###....
..........#### #......# #....
.............#.....#... #....
.>...........#.....+........(
....##.....###.....#.......#.
..#. ####....#####.........#.
# # #....#### ........#+


You could see a giant cockroach (ally target) and a friendly rat (summoned).

Vanquished Creatures
  A ball python (D:1)
1 creature vanquished.

Vanquished Creatures (collateral kills)
  A ball python (D:1)
  An endoplasm (D:1)
  3 hobgoblins (D:1)
  A kobold (D:1)
6 creatures vanquished.

Grand Total: 7 creatures vanquished

Notes
Turn   | Place    | Note
-------+----------+-------------------------------------------
     0 | D:1      | Mesmaeker13 the Barachi Summoner began the quest for the
                  | Orb.
     0 | D:1      | Reached XP level 1. HP: 13/13 MP: 3/3
   557 | D:1      | Reached skill level 5 in Summonings
   573 | D:1      | Slain by a giant cockroach

Illustrated notes

Levels and vault maps discovered:
D:1:      kilobyte_arrival_exit_the_forest, layout_basic, serial_glass,
          glass_columns_a, glass_columns_c, hangedman_decor_push,
          corexii_hall_statues_s

Skill      XL: |  1 |
---------------+----+-----
Summonings     | 5 |  5.0
Dodging        | |  2.4
Stealth        | |  1.7
Spellcasting   | |  2.4

Action                   || total
-------------------------++-------
Melee: Short sword       ||     5
       Unarmed           ||     1
 Cast: Summon Small Mamm ||     9
Armor: Robe              ||     5
Dodge: Dodged            ||    16
